 Dungeon Crawl Stone Soup version 0.31.0-4-g52a2dc7128 (webtiles) character file.

Game seed: 3657364076207913512

3690 booth the Mimic (level 9, -2/71 HPs)
             Began as a White Draconian Shapeshifter on Jan 21, 2024.
             Was a Follower of Hepliaklqana.
             Slain by a troll (9 damage)
             ... on level 8 of the Dungeon.
             The game lasted 01:05:36 (8094 turns).

booth the Mimic (White Draconian Shapeshifter)      Turns: 8094, Time: 01:05:37

Health: -2/71      AC: 11    Str: 19    XL:     9   Next: 90%
Magic:  9/9        EV: 21    Int: 10    God:    Hepliaklqana [*.....]
Gold:   33         SH:  0    Dex: 13    Spells: 8/8 levels left

rFire   + .          .
                       - Unarmed
rCold   + + .        (shield currently unavailable)
rNeg    . . .        (body armour unavailable)
rPois   +            B - +2 hat
rElec   +            (no cloak)
rCorr   +            t - +1 pair of gloves
SInv    .            (no boots)
Will    .....        h - amulet of the acrobat
Stlth   +            f - +5 ring of evasion
HPRegen 0.31/turn    (no ring)
MPRegen 0.11/turn

%: acrobat
@: confused, flux-form, resistant, ambrosia-drunk, attractive, glowing
A: glow, contaminating, reduced essence, breathe frost, AC +7, unfitting armour,
cold resistance 1, cold-blooded
a: Breathe Frost, Begin Untransformation, Renounce Religion, Recall Ancestor,
Ancestor Identity


You were on level 8 of the Dungeon.
You worshipped Hepliaklqana.
Hepliaklqana was aware of your devotion.
You were something dangerously unstable.
You visited 2 branches of the dungeon, and saw 9 of its levels.

You collected 409 gold pieces.
You spent 376 gold pieces at shops.

Inventory:

Hand Weapons
 v - a +2 whip of electrocution
 D - a +1 hand axe of venom
 E - a +4 mace
 F - a +3 heavy mace
 J - a +1 war axe of venom
Missiles
 p - 5 poisoned darts (quivered)
 w - 5 boomerangs
 H - 3 throwing nets
Armour
 k - a +2 buckler
 t - a +1 pair of gloves (worn)
 B - a +2 hat (worn)
Jewellery
 f - a +5 ring of evasion (left hand)
 h - an amulet of the acrobat (around neck)
Talismans
 b - a beast talisman
 c - a flux talisman (active)
Wands
 r - a wand of digging (2)
 u - a wand of roots (22)
 x - a wand of paralysis (13)
 A - a wand of acid (13)
 G - a wand of mindburst (12)
Scrolls
 d - a scroll of torment
 e - a scroll of poison
 i - 5 scrolls of teleportation
 m - 2 scrolls of butterflies
 q - 2 scrolls of blinking
 y - a scroll of silence {unknown}
 L - a scroll of identify
Potions
 a - 2 potions of lignification
 g - 4 potions of curing
 j - a potion of attraction
 l - a potion of brilliance
 n - 2 potions of cancellation
 s - a potion of enlightenment
 z - a potion of magic
 C - a potion of might
 K - a potion of haste


   Skills:
 + Level 7.2 Fighting
 + Level 4.2 Maces & Flails
 + Level 5.0 Throwing
 - Level 2.1 Dodging
 + Level 6.9 Unarmed Combat
 + Level 8.1 Shapeshifting


You had 8 spell levels left.
You didn't know any spells.
Your spell library contained the following spells:

 Spells                   Type           Power      Damage    Failure   Level
 Freeze                   Ice            0%         1d3       36%         1
 Frozen Ramparts          Ice            0%         1d1       75%         3
 Hailstorm                Conj/Ice       0%         3d5       75%         3


Dungeon Overview and Level Annotations

Branches:
Dungeon (8/15)             Temple (1/1) D:6
   Lair: D:8-11

Altars:
Ashenzari
Cheibriados
Dithmenos
Elyvilon
Fedhas
Gozag
Hepliaklqana
Kikubaaqudgha
Makhleb
Nemelex Xobeh
Okawaru
Qazlal
Ru
Sif Muna
Trog
Vehumet
Wu Jian
Xom
Yredelemnul
Zin
The Shining One

Shops:
D:5 =   D:6 *[=(   D:7 =

Annotations:
D:5 4 transporters, boopmooplesden's ghost, amateur AtFi


Innate Abilities, Weirdness & Mutations

You are something dangerously unstable.
You glow with magical radiation, making you easy to see and hit.
Foes you strike become dangerously contaminated with magical radiation.
You are incapable of wielding weapons or throwing items.
Your life essence is reduced to manifest your ancestor. (-10% HP)
You can breathe waves of freezing cold which knock back foes.
Your icy white scales are hard. (AC +7)
You cannot fit into any form of body armour.
Your flesh is cold resistant. (rC+)
You are cold-blooded and may be slowed by cold attacks.


Message History

The spriggan hits you but does no damage.
The boulder beetle hits you.
* * * LOW HITPOINT WARNING * * *
The boulder beetle stops rolling and uncurls.
It was a potion of attraction.
You feel attractive to monsters.
You feel sick. The spriggan misses you.
The boulder beetle completely misses you.
You closely miss the spriggan.
The spriggan is lightly wounded.
The spriggan misses you.
The boulder beetle leaps!
You closely miss the spriggan.
Your tail-slap misses the spriggan.
The spriggan is lightly wounded.
You feel sick.
You are no longer poisoned.
An orc comes into view. It is wielding a +3 dagger of venom.
The spriggan hits you but does no damage.
The orc is attracted toward you.
The boulder beetle is attracted toward you.
The orc shouts!
You hit the spriggan.
The spriggan shudders as magic cascades through it!!
You kill the spriggan!
The boulder beetle is attracted toward you.
Your Throwing skill increases to level 5!
You closely miss the troll. The troll bites you but does no damage.
The troll claws you!
* * * LOW HITPOINT WARNING * * *
The troll closely misses you.
You are confused.
You feel invigorated.
The boulder beetle completely misses you.
The troll bites you!
* * * LOW HITPOINT WARNING * * *
The troll misses you. The troll closely misses you.
You are too confused!
It was a potion of resistance.
You feel protected.
The boulder beetle leaps!
The troll bites you!
You die...

|# #: #....#..... . .
#.#.##..... .#.
+...##..... ...
#..##...... #.#
#.>...#####
#.###.###.##...### #
#.oTH...##....# ##
#T# ##.....### .# +#
###p###..).....# ##
#.# ##..°..##..)..###
# #.#
##.......##)).## #.#
##.........##..# #.#
#...........#..# .#
#...........#..# #
+...........+..#####
.#
#...........#......##
#.#
#...........#........


You could see a manticore and 2 trolls.

Vanquished Creatures
  A spriggan (shapeshifter) (D:8)
  A wyvern (D:7)
  A vampire (D:7)
  A water moccasin (D:7)
  2 black bears
  An ice beast (D:6)
  2 ogres
  A centaur (D:5)
  3 phantoms
  6 bullfrogs
  A scorpion (D:5)
  3 gnoll sergeants
  8 wights
  3 killer bees (D:8)
  4 howler monkeys
  A bombardier beetle (D:6)
  2 orc priests (D:5)
  4 hounds
  2 jellies
  2 sleepcaps
  Terence (D:3)
  4 iguanas
  2 orc wizards (D:5)
  18 gnolls
  7 adders
  2 ufetubi (D:6)
  2 dart slugs
  A ribbon worm (D:4)
  26 orcs
  8 endoplasms
  3 giant cockroaches
  13 goblins
  11 hobgoblins
  3 jackals (D:1)
  4 quokkas
  5 ball pythons
  7 bats
  4 frilled lizards (D:1)
  8 kobolds
  7 rats
185 creatures vanquished.

Vanquished Creatures (collateral kills)
  A bullfrog (D:8)
  A killer bee (D:8)
  2 orc wizards (D:8)
  A gnoll (D:8)
  4 orcs
9 creatures vanquished.

Vanquished Creatures (others)
  An ancestor (D:8)
  An orc (D:7)
2 creatures vanquished.

Grand Total: 196 creatures vanquished

Notes
Turn   | Place    | Note
-------+----------+-------------------------------------------
     0 | D:1      | booth the Draconian Shapeshifter began the quest for the
                  | Orb.
     0 | D:1      | Reached XP level 1. HP: 16/16 MP: 1/1
   223 | D:1      | Reached XP level 2. HP: 23/23 MP: 2/2
   437 | D:1      | Reached XP level 3. HP: 27/29 MP: 3/3
  1152 | D:2      | Reached skill level 4 in Shapeshifting
  1152 | D:2      | Reached XP level 4. HP: 33/37 MP: 4/4
  1951 | D:3      | Reached XP level 5. HP: 10/44 MP: 5/5
  2143 | D:3      | Noticed Terence
  2242 | D:3      | Killed Terence
  2576 | D:3      | Reached skill level 5 in Shapeshifting
  2576 | D:3      | Reached XP level 6. HP: 33/51 MP: 6/6
  2976 | D:4      | Found a glowing golden altar of the Shining One.
  2987 | D:4      | Found a radiant altar of Vehumet.
  3136 | D:4      | Found a shadowy altar of Dithmenos.
  3472 | D:4      | Reached skill level 1 in Throwing
  3615 | D:4      | Your scales start taking on an icy white colour.
  3615 | D:4      | Reached XP level 7. HP: 51/59 MP: 7/7
  3615 | D:4      | Gained mutation: Your flesh is cold resistant. (rC+) [White
                  | Draconian growth]
  3760 | D:5      | Entered Level 5 of the Dungeon
  3864 | D:5      | Found a transporter.
  3869 | D:5      | Found a transporter.
  3915 | D:5      | Reached skill level 6 in Shapeshifting
  3947 | D:5      | Found Ihui's Jewellery Shop.
  4219 | D:5      | Reached XP level 8. HP: 52/67 MP: 8/8
  4395 | D:5      | Found a transporter.
  4421 | D:5      | Reached skill level 5 in Fighting
  4427 | D:5      | Found a transporter.
  4499 | D:5      | Reached skill level 5 in Unarmed Combat
  4544 | D:5      | Found a white marble altar of Elyvilon.
  4774 | D:6      | Found Unaoboin's Assorted Antiques.
  4842 | D:6      | Found Ireut's Antique Armour Shoppe.
  4855 | D:6      | Bought a glowing hat for 196 gold pieces
  4904 | D:6      | Found Wounist's Jewellery Boutique.
  4942 | D:6      | Reached skill level 7 in Shapeshifting
  5227 | D:6      | Reached skill level 1 in Maces & Flails
  5336 | D:6      | Identified the +1 robe "Myesuly" {rPois rC+++ Str-4 Int-5}
  5615 | D:6      | Found a staircase to the Ecumenical Temple.
  5624 | Temple   | Entered the Ecumenical Temple
  5638 | Temple   | Became a worshipper of Hepliaklqana the Forgotten
  5764 | D:6      | Found Axuudez's Antique Weapon Shoppe.
  6329 | D:7      | Found Elacoxis's Jewellery Emporium.
  6389 | D:7      | Reached XP level 9. HP: 42/75 MP: 9/9
  6526 | D:6      | Bought a scroll labelled INUUHE KIRESO for 30 gold pieces
  7132 | D:7      | Reached * piety under Hepliaklqana
  7225 | D:7      | Identified the +6 scale mail "Odghesh Buim" {Dex+3}
  7573 | D:5      | Noticed boopmooplesden's ghost (amateur AtFi)
  7596 | D:6      | Bought a dented emerald amulet for 150 gold pieces
  7955 | D:8      | Reached skill level 8 in Shapeshifting
  8059 | D:8      | Noticed a troll
  8059 | D:8      | Noticed a manticore
  8060 | D:8      | Noticed a boulder beetle
  8060 | D:8      | Noticed a troll
  8061 | D:8      | Noticed a boulder beetle
  8092 | D:8      | Reached skill level 5 in Throwing
  8093 | D:8      | HP: 1/71 [troll (11)]
  8094 | D:8      | Slain by a troll

Illustrated notes

Levels and vault maps discovered:
D:1:      dpeg_arrival_boxorama, layout_rooms, minmay_misc_feat_x,
          hangedman_decor_riveting
D:2:      layout_rooms
D:3:      layout_basic, kennysheep_generic_room_10, uniq_terence
D:4:      minmay_octagon_keep, layout_basic, amcnicky_altar_gilded,
          mainiacjoe_overflow_large_starburst, dk_noncrumbling_3
D:5:      gammafunk_steamed_eel, layout_cave_pools, lemuel_doored_altar,
          gammafunk_ghost_abyssal_escape, serial_shops, shop
D:6:      layout_loops_cross, lemuel_temple_firewalk_a, serial_shops, shop,
          nicolae_stop_n_shop_2, nicolae_shop_pleasant_corner_grove,
          nicolae_stop_n_shop_1
D:7:      layout_basic, serial_shops, shop
D:8:      minmay_the_grid_octo_2x2 [minmay_the_grid_octo_empty,
          minmay_the_grid_octo_checkered, minmay_the_grid_octo_fat_diamond,
          minmay_the_grid_octo_prize_square_snowflake], layout_rooms,
          nicolae_houndstooth_variations
Temple:   bh_familiar_temple

Skill      XL: |  1  2  3  4  5  6  7  8  9 |
---------------+----------------------------+-----
Dodging        | 2 |  2.1
Fighting       | 2 3 4 6 7 |  7.2
Shapeshifting  | 4 5 6 7 8 |  8.1
Unarmed Combat | 4 5 6 |  6.9
Throwing       | 1 2 3 5 |  5.0
Maces & Flails | 2 4 |  4.2

Action                     |  1- 3 |  4- 6 |  7- 9 || total
---------------------------+-------+-------+-------++-------
  Melee: Unarmed           |    91 |   186 |   410 ||   687
         Tailslap          |    13 |    19 |    75 ||   107
         Punch             |     2 |     5 |     8 ||    15
         Whip              |     3 |       |       ||     3
  Throw: Dart              |       |     7 |     2 ||     9
 Invoke: Ancestor Identity |       |       |     1 ||     1
    Use: Scroll            |     4 |     6 |     7 ||    17
         Potion            |     1 |     3 |     3 ||     7
   Stab: Sleeping          |       |       |     1 ||     1
 Armour: Skin              |    34 |    63 |   160 ||   257
  Dodge: Dodged            |    54 |   119 |   379 ||   552
   Form: Beast             |     2 |       |     2 ||     4
         Flux              |     1 |       |     1 ||     2
                           |       |       |     2 ||     2
